 Dungeon Sprint DCSS version 0.21-a0-521-g1cd18d1 (webtiles) character file.

13 esteth the Magician (level 2, -3/15 HPs)
             Began as a Deep Elf Conjurer on Dec 5, 2017.
             Was an Initiate of Vehumet.
             Killed by nerve-wracking pain
             ... invoked by a shadow imp
              (12 damage)
             ... in the Dungeon (Sprint V: "Ziggurat Sprint").
             The game lasted 00:03:39 (659 turns).

esteth the Magician (Deep Elf Conjurer)              Turns: 659, Time: 00:03:39

Health: -3/15      AC: 19    Str:  5    XL:     2   Next: 24%
Magic:  12/12      EV: -15   Int: 31    God:    Vehumet [......]
Gold:   0          SH:  0    Dex: 15    Spells: 15/16 levels left

rFire    + . .     SeeInvis +   m - +7 Screaming Sword
rCold    + . .     Gourm    .   H - +3 buckler
rNeg     . . .     Faith    .   G - +5 gold dragon scales
rPois    +         Spirit   .   K - +1 helmet {SInv}
rElec    .         Reflect  .   (no cloak)
rCorr    .         Harm     .   (no gloves)
MR       .....     NoTele   +   (no boots)
Stlth    ..........             (no amulet)
HPRegen  0.05/turn              z - +6 ring of intelligence
MPRegen  0.13/turn              A - +6 ring of intelligence

@: confused
A: no striking features
a: Renounce Religion


You were in the Dungeon.
You worshipped Vehumet.
Vehumet was noncommittal.
You were not hungry.

You visited 1 branch

Inventory:

Hand Weapons
 m - the +7 Screaming Sword (weapon)
   (You found it in the Dungeon)
Armour
 a - a +0 robe
 G - +5 gold dragon scales (worn)
 H - a +3 buckler (worn)
 K - a +1 helmet of see invisible (worn)
Magical Staves
 I - an uncursed staff of energy
Jewellery
 x - a +6 ring of dexterity
 y - a +6 ring of dexterity
 z - a +6 ring of intelligence (left hand)
 A - a +6 ring of intelligence (right hand)
 B - a +6 ring of strength
 C - a +6 ring of strength
Wands
 D - a wand of disintegration (7)
 E - a wand of iceblast (7)
 F - a wand of acid (7)
Scrolls
 i - 4 scrolls of blinking
 p - 4 scrolls of amnesia
 q - 7 scrolls of fog
 r - a scroll of holy word
 s - 5 scrolls of identify
 t - 5 scrolls of remove curse
 u - 2 scrolls of fear
Potions
 d - 10 potions of curing
 e - 10 potions of heal wounds
 f - 5 potions of haste
 g - 7 potions of magic
 h - 3 potions of berserk rage
 j - 2 potions of brilliance
 k - 2 potions of invisibility
 l - 4 potions of resistance
 n - 5 potions of agility
 o - 5 potions of might
Books
 b - a book of Conjurations

   Spells                             Type                      Level
   a - Magic Dart                     Conjuration                  1
   b - Searing Ray                    Conjuration                  2
   c - Dazzling Spray                 Conjuration/Hexes            3
   d - Fulminant Prism                Conjuration/Hexes            4
   e - Force Lance                    Conjuration/Translocation    4
   f - Iskenderun's Mystic Blast      Conjuration                  4
Miscellaneous
 J - a crystal ball of energy
Comestibles
 c - 5 bread rations
 v - 42 fruits
 w - 4 meat rations


   Skills:
 + Level 2.5 Dodging
 + Level 2.5 Stealth
 + Level 0.2 Shields
 + Level 7.5 Spellcasting
 + Level 7.3 Conjurations


You had 15 spell levels left.
You knew the following spells:

 Your Spells              Type           Power        Failure   Level  Hunger
a - Magic Dart            Conj           ####         100%        1    None


Dungeon Overview and Level Annotations

Branches:
Dungeon (1/1)

Altars:
Ashenzari
Cheibriados
Dithmenos
Elyvilon
Fedhas
Gozag
Hepliaklqana
Kikubaaqudgha
Makhleb
Nemelex Xobeh
Okawaru
Qazlal
Ru
Sif Muna
Trog
Uskayaw
Vehumet
Wu Jian
Xom
Yredelemnul
Zin
The Shining One
Beogh
Jiyva
Lugonu

Annotations:
D 1 transporter


Message History

The shadow imp hits you but does no damage.
Your gold dragon scales prevents you from hitting the bat skeleton.
The bat skeleton is lightly damaged.
The Screaming Sword howls with insane laughter!
The quasit, the bat skeleton and the shadow imp are hurt by the noise.
The bat skeleton hits you but does no damage. x3
The quasit bites you but does no damage.
The quasit claws you but does no damage. x2
The bat skeleton hits you but does no damage.
The shadow imp hits you.
The quasit bites you but does no damage.
The quasit claws you but does no damage. x2
The Screaming Sword screams, "MURDER!
DEATH!!
KILL!!!"
The quasit, the bat skeleton and the shadow imp are hurt by the noise.
The bat skeleton completely misses you.
The bat skeleton hits you but does no damage.
The shadow imp gestures at you. Pain shoots through your body!
Ouch! That really hurt!
You die...

▓▓▓▓▓▓▓▓▓▓▓▓▓
▓.8©8.▓.8©8.▓
▓.[|).▓..G..▓
▓.....▓.)...▓
▓.....▓.....▓
▓.5Z5.▓.....▓
▓.@...▓..©..▓
▓..©..▓▓▓▓▓▓▓
▓▓▓▓▓▓▓


You could see a quasit, a shadow imp and a bat skeleton.

Vanquished Creatures
  An ooze (D)
1 creature vanquished.

Vanquished Creatures (others)
  Frederick (D)
  4 acid blobs (D)
  An azure jelly (D)
  Snorg (D)
  3 death oozes (D)
  Erolcha (D)
  Harold (D)
  Jessica (D)
  Ijyb (D)
14 creatures vanquished.

Grand Total: 15 creatures vanquished

Notes
Turn   | Place    | Note
-------+----------+-------------------------------------------
     0 | D        | Found the +6 Majin-Bo {vamp, Archmagi MP+6 Int+6}
     0 | D        | Found the +7 great mace "Firestarter" {inner flame, rF++}
     0 | D        | esteth the Deep Elf Conjurer began the quest for the Orb.
     0 | D        | Reached XP level 1. HP: 10/10 MP: 6/6
     0 | D        | Found a deep blue altar of Sif Muna.
     0 | D        | Found a bloodstained altar of Trog.
     0 | D        | Found a sacrificial altar of Ru.
     0 | D        | Found a stormy altar of Qazlal.
     0 | D        | Found an iron altar of Okawaru.
     1 | D        | Found a sparkling altar of Nemelex Xobeh.
     1 | D        | Found a blossoming altar of Fedhas.
     1 | D        | Killed Jessica
     3 | D        | Found a transporter.
     3 | D        | Found an ancient bone altar of Kikubaaqudgha.
     3 | D        | Found a viscous altar of Jiyva.
     3 | D        | Found a corrupted altar of Lugonu.
     3 | D        | Found a hazy altar of Hepliaklqana.
     3 | D        | Found a burning altar of Makhleb.
     3 | D        | Found an opulent altar of Gozag.
     5 | D        | Killed Ijyb
     9 | D        | Killed Harold
    29 | D        | Became a worshipper of Vehumet
    44 | D        | Reached XP level 2. HP: 15/15 MP: 7/12
    54 | D        | Found the +9 heavy crossbow "Sniper" {velocity, Acc+∞ SInv}
    54 | D        | Found the +10 dark maul {crush}
    54 | D        | Found the +15 Maxwell's patent armour {-Cast -Tele rElec MR+ rCorr}
    54 | D        | Found the +18 shield of the Gong {rElec rN+ MR+ EV-5}
    54 | D        | Found the cursed +14 obsidian axe {chop, +Fly SInv *Curse}
    55 | D        | Found the +6 shillelagh "Devastator" {shatter}
    55 | D        | Found the +11 plutonium sword {*Contam Stlth-}
    55 | D        | Found the +8 lance "Wyrmbane" {slay drac, rPois rF+ rC+ AC+3}
    55 | D        | Found the +9 sword of Zonguldrok {reap}
    55 | D        | Found the cursed +13 scythe of Curses {drain, *Curse}
    55 | D        | Found the +0 sword of Power
    55 | D        | Found the +8 mace of Variability {chaos}
    55 | D        | Found the +7 Singing Sword
    55 | D        | Found the +7 longbow "Piercer" {penet, EV-2}
    74 | D        | Killed a death ooze
   111 | D        | Entered arena 2.
   111 | D        | Noticed a golden eye
   111 | D        | Found a transporter.
   150 | D        | Killed an acid blob
   199 | D        | Killed Erolcha
   321 | D        | Killed an acid blob
   409 | D        | Killed Frederick
   513 | D        | Killed a death ooze
   543 | D        | Killed an acid blob
   641 | D        | Killed a death ooze
   647 | D        | Killed an azure jelly
   652 | D        | Entered arena 3.
   652 | D        | Found a transporter.
   654 | D        | Killed Snorg
   654 | D        | Killed an acid blob
   659 | D        | Killed from afar by a shadow imp

Vault maps used:
D:        sprint_v

Skill      XL: |  1 |
---------------+----+-----
Spellcasting   | 7 |  7.5
Conjurations   | 7 |  7.3
Dodging        | |  2.5
Stealth        | |  2.5
Shields        | |  0.2

Action                   || total
-------------------------++-------
Melee: Double sword      ||    52
  Use: Potion            ||     2
Armor: Gold dragon scale ||    72
Dodge: Dodged            ||     3

Table legend:
 A = Spawn XP
 B = Non-spawn XP
 C = Spawn XP percentage of total XP
 D = Spawn monster count
 E = Non-spawn monster count
 F = Spawn count percentage of total count
 G = Total turns spent on level
                    A         B        C        D         E        F      G
               +---------+---------+-------+---------+---------+-------+---------
         Total |       0 |       7 |   0.0 |       0 |       1 |   0.0 |   659
               +---------+---------+-------+---------+---------+-------+---------
             D |       0 |       7 |   0.0 |       0 |       1 |   0.0 |   659
               +---------+---------+-------+---------+---------+-------+---------
